 Dungeon Crawl Stone Soup version 0.17.2-1-ge4368a0 (webtiles) character file.

255947 Goblin1989 the Tortoise (level 19, -22/188 HPs)
             Began as a Minotaur Wanderer on Sept 20, 2016.
             Was an Initiate of Gozag.
             Annihilated by an enormous slime creature (70 damage)
             ... summoned by a giant orange brain
             ... on level 2 of the Vaults on Sept 21, 2016.
             The game lasted 03:22:19 (48701 turns).

Goblin1989 the Tortoise (Minotaur Wanderer)        Turns: 48701, Time: 03:22:19

Health: -22/188    AC: 35    Str: 29      XL:     19   Next: 44%
Magic:  18/18      EV: 15    Int: 14 (16) God:    Gozag
Gold:   3539       SH:  0    Dex: 11      Spells: 4 memorised, 3 levels left

rFire  + + .     SeeInvis .     w - +7 bardiche (protect)
rCold  + + +     Clarity  .     j - +1 plate armour of Wonder {rN+ Int+4}
rNeg   + . .     SustAt   .     (shield currently unavailable)
rPois  +         Gourm    .     T - +1 hat
rElec  .         Spirit   .     f - +1 cloak
rCorr  .         Warding  .     H - +1 pair of gloves of Paranoia {rF++ Str+7 Stlth-}
rMut   +         Stasis   .     d - +0 pair of boots of the Eight Planets {rPois MR+ Str+2}
MR     +++..                    r - amulet of resist mutation
Stlth  ..........               A - ring of protection from magic
                                x - ring of Paf Rim {*Contam rC+++ Int+4 Dex-5 Stlth+}

@: extremely resistant to hostile enchantments, extremely unstealthy
A: retaliatory headbutt, horns 2, rugged brown scales 1
a: Potion Petition, Call Merchant, Bribe Branch, Renounce Religion
}: 1/15 runes: gossamer


You were on level 2 of the Vaults.
You worshipped Gozag.
Gozag was noncommittal.
You were hungry.

You visited 7 branches of the dungeon, and saw 38 of its levels.
You also visited: Bailey.

You collected 18286 gold pieces.
You spent 5624 gold pieces at shops.
You paid 9123 gold pieces to Gozag.

Inventory:

Hand Weapons
 a - the +10 arbalest "Sagis" {elec, Stlth+}
   (You bought it in a shop on level 10 of the Dungeon)

   It charges the ammunition it shoots with electricity; occasionally upon a
   hit, such missiles may discharge and cause terrible harm.
   It makes you more stealthy.
 b - the +2 halberd "Kaiparph" {holy, rElec SInv}
   (You bought it in a shop on level 10 of the Dungeon)

   It has been blessed by the Shining One to cause great damage to the undead
   and demons.
   It insulates you from electricity.
   It lets you see invisible.
 w - a +7 bardiche of protection (weapon)
Missiles
 e - 34 silver bolts
 n - 18 poisoned bolts
 J - 11 bolts of penetration
 L - 51 bolts of flame
 N - 416 bolts
 P - 8 steel bolts
Armour
 d - the +0 pair of boots of the Eight Planets (worn) {rPois MR+ Str+2}
   (You bought it in a shop on level 4 of the Orcish Mines)

   It affects your strength (+2).
   It protects you from poison.
   It affects your resistance to hostile enchantments.
 f - a +1 cloak (worn)
 j - the +1 plate armour of Wonder (worn) {rN+ Int+4}
   (You bought it in a shop on level 10 of the Dungeon)

   It affects your intelligence (+4).
   It protects you from negative energy.
 H - the +1 pair of gloves of Paranoia (worn) {rF++ Str+7 Stlth-}
   (You bought it in a shop on level 10 of the Dungeon)

   It affects your strength (+7).
   It greatly protects you from fire.
   It makes you less stealthy.
 T - a +1 hat (worn)
Jewellery
 r - an amulet of resist mutation (around neck)
 x - the ring of Paf Rim (left hand) {*Contam rC+++ Int+4 Dex-5 Stlth+}
   (You found it on level 15 of the Dungeon)

   [ring of stealth]

   It affects your intelligence (+4).
   It affects your dexterity (-5).
   It renders you almost immune to cold.
   It causes magical contamination when unequipped.
   It makes you more stealthy.
 y - an uncursed amulet of resist corrosion
 A - a ring of protection from magic (right hand)
 F - the ring "Axifitiv" {rPois rF- MP+9 SInv Stlth+}
   (You found it on level 4 of the Dungeon)

   [ring of stealth]

   It makes you vulnerable to fire.
   It protects you from poison.
   It affects your magic capacity (+9).
   It lets you see invisible.
   It makes you more stealthy.
Wands
 m - a wand of digging (3)
 o - a wand of disintegration (13)
 z - a wand of teleportation (1)
 B - a wand of disintegration (16)
 M - a wand of heal wounds (5)
 O - a wand of disintegration (7)
 Q - a wand of teleportation (4)
 U - a wand of hasting (3)
Scrolls
 g - 3 scrolls of fog
 i - a scroll of holy word
 k - 5 scrolls of immolation
 l - 5 scrolls of teleportation
 p - 5 scrolls of fear
 q - 7 scrolls of remove curse
 s - 8 scrolls of identify
 D - 11 scrolls of enchant armour
 G - 2 scrolls of blinking
 K - 6 scrolls of recharging
 S - 5 scrolls of magic mapping
Potions
 c - 7 potions of ambrosia
 h - 2 potions of might
 u - 8 potions of agility
 v - 2 potions of cure mutation
 C - 11 potions of curing
 E - 8 potions of heal wounds
 I - a potion of cancellation
 R - 3 potions of berserk rage
 W - a potion of mutation {unknown}
 Z - 3 potions of flight
Comestibles
 t - 7 meat rations
 V - 12 bread rations


   Skills:
 + Level 19.2 Fighting
 * Level 17.8 Polearms
 - Level 18.3 Crossbows
 + Level 20.6 Armour
 + Level 15.9 Dodging
 - Level 1.0 Stealth
   Level 2.4 Shields
 - Level 1.1 Unarmed Combat


You had 3 spell levels left.
You knew the following spells:

 Your Spells              Type           Power        Failure   Level  Hunger
a - Haste                 Chrm           #.......     100%        6    #######
b - Apportation           Tloc           #.........   93%         1    ##.....
c - Portal Projectile     Tloc           #.....       100%        3    ####...
d - Phase Shift           Tloc           #.........   100%        5    ######.


Dungeon Overview and Level Annotations

Branches:
Dungeon (15/15)            Temple (1/1) D:5            Lair (8/8) D:8
  Swamp (4/4) Lair:5       Spider (4/4) Lair:5        Slime (0/6) Lair:6
    Orc (4/4) D:11            Elf (0/3) Orc:4        Vaults (2/5) D:14
  Crypt (0/3) Vaults:2     Depths (0/5) D:15

Altars:
Ashenzari
Cheibriados
Dithmenos
Elyvilon
Fedhas
Gozag
Kikubaaqudgha
Makhleb
Nemelex Xobeh
Qazlal
Sif Muna
Trog
Xom
Zin
Beogh
Jiyva

Shops:
D:5 *   D:10 *([*%   D:13 (   D:14 (%*   Orc:1 !   Orc:2 *   Orc:4 =(*[
Vaults:1 %

Portals:
Hell: Lair:8

Annotations:
D:7 exclusion: ice statue
Lair:6 1 runed door
Swamp:4 Lernaean hydra


Innate Abilities, Weirdness & Mutations

You reflexively headbutt those who attack you in melee.
You have a pair of horns on your head.
You are partially covered in rugged brown scales (AC +1, +3% HP).


Message History

MASSIVE DAMAGE!!
Attack whom?
Press: ? - help, Dir - move target cursor, f - giant orange brain
Aim: a giant orange brain You reach to attack!
You slash the giant orange brain!
The giant orange brain is moderately wounded.
The enormous slime creature hits you!!
* * * LOW HITPOINT WARNING * * *
The giant orange brain pulsates.
Something tries to feed on your intellect!
You take 27 damage, and have 47/188 hp.
Attack whom?
Press: ? - help, Dir - move target cursor, f/p - giant orange brain
Aim: a giant orange brain (moderately wounded)
The enormous slime creature is in the way.
You carve the enormous slime creature like a ham!!!
The enormous slime creature is almost dead.
The enormous slime creature hits you!!!
You die...
Your body crumbles into a pile of gold.

..#.....#############...#
..#.....#.......... #...#
#)[[..#.......... #...#
#..)..#.......... #.).# $
#.....#.......... #...# ##
###.....#.......... #...# #.
..#.....#.......... #...# #.
..#.....###)#########...# #.
..#......)[))=(.@JG.....########.
###.......####'###......#......#.
..#.......#......#.[....#......#.
..#.......#......#..[...#..)...#.
..#.......#......#u...[.#......#.
..#..[....#......#.u)...#......'.
..#.......#......#..u...#...>).#)
###.......#......#.u.[..'.....)#.
###.......########......#......#.


You could see an enormous slime creature and a giant orange brain.

Vanquished Creatures
  Jorgrun (Vaults:1)
  A lich (Vaults:2)
  An ancient champion (Vaults:2)
  Frances (Swamp:1)
  A thorn hunter (Swamp:3)
  A fire giant (Vaults:2)
  An orc warlord (Orc:4)
  5 vault wardens
  Louise (Swamp:2)
  9 emperor scorpions
  A stone giant (Vaults:2)
  A vampire knight (Vaults:2)
  7 ironheart preservers
  The ghost of Charly the Severer, a journeyman MiBe of Trog (Swamp:3)
  Nessos (Lair:5)
  A deep elf death mage (Vaults:2)
  A dire elephant (Lair:8)
  Snorg (Orc:2)
  An ettin (Vaults:2)
  A vault guard (Vaults:1)
  2 entropy weavers
  A great orb of eyes (Vaults:1)
  A fire dragon (Vaults:2)
  18 hydras
  The ghost of Goblin1989 the Martial Artist, a journeyman DsMo of Gozag (Lair:1)
  2 ice dragons (Vaults:2)
  5 yaktaur captains
  3 rakshasas
  2 catoblepae
  7 alligators
  7 centaur warriors
  6 ogre magi
  12 death yaks
  A ghost crab (Swamp:4)
  A deep troll shaman (Vaults:1)
  A tengu warrior (D:13)
  An orc high priest (Orc:4)
  The ghost of Ladykiller69 the Cleaver, a novice FoFi of Cheibriados (D:15)
  A deep troll earth mage (Vaults:1)
  The ghost of Ladykiller69 the Cleaver, a novice FoFi of Cheibriados (D:12)
  A queen ant (Lair:4)
  A sun demon (Lair:8)
  2 deep elf knights
  A sea snake (shapeshifter) (Vaults:1)
  7 swamp dragons
  A shadow wraith (Vaults:2)
  A spriggan druid (Swamp:2)
  5 deep trolls
  3 shambling mangroves (Swamp:3)
  4 ironbrand convokers
  3 unseen horrors
  2 giant orange brains
  A phantasmal warrior (Vaults:2)
  Pikel (D:8)
  8 hill giants
  22 orb spiders
  27 wolf spiders
  3 wizards
  A mana viper (shapeshifter) (D:15)
  4 hornets
  6 griffons
  12 orc knights
  4 elephants (Lair:6)
  4 moths of wrath
  7 cyclopes
  36 ugly things
  3 orc sorcerers (Orc:4)
  2 manticores (D:13)
  4 gargoyles
  2 torpor snails
  A smoke demon (Lair:8)
  8 black mambas
  31 spiny frogs
  A guardian serpent (shapeshifter) (D:15)
  2 orange demons (Lair:8)
  2 spiny frogs (shapeshifter)
  11 vault sentinels
  An efreet (D:13)
  13 fire drakes
  14 yaktaurs
  A hellwing (Lair:8)
  6 komodo dragons
  6 kobold demonologists
  2 freezing wraiths
  3 blue devils (Lair:8)
  5 red devils (Lair:8)
  16 demonic crawlers
  A deep elf priest (D:14)
  A troll (shapeshifter) (D:15)
  8 two-headed ogres
  4 trolls
  20 blink frogs
  4 polar bears
  4 bog bodies
  Prince Ribbit (D:6)
  3 giant leeches
  27 jumping spiders
  7 boulder beetles
  44 redbacks
  32 slime creatures
  7 wyverns
  32 trapdoor spiders
  Sigmund (D:2)
  A tarantella (shapeshifter) (Vaults:1)
  23 tarantellas
  A spriggan (Lair:3)
  26 yaks
  3 shadows
  2 hungry ghosts
  7 basilisks
  3 deep elf magi
  32 vampire mosquitoes
  A wraith (D:13)
  A yaktaur simulacrum (Vaults:1)
  20 wolves
  A deep elf fighter (D:13)
  18 hippogriffs
  34 swamp worms
  4 insubstantial wisps (Swamp:3)
  26 water moccasins
  4 wargs
  2 slaves (D:8)
  16 porcupines
  18 soldier ants
  A hell hound (Lair:4)
  A mottled dragon (Vaults:1)
  Duvessa (D:5)
  4 black bears
  A black bear (shapeshifter) (Vaults:1)
  5 necrophages (Lair:2)
  9 swamp drakes
  39 spiders
  7 sky beasts
  2 phantoms
  8 ice beasts
  24 ogres
  3 eyes of draining
  A boggart (shapeshifter) (D:13)
  36 orc warriors
  5 boggarts (Vaults:2)
  11 wasps
  20 crocodiles
  15 centaurs
  A big kobold (shapeshifter) (Vaults:1)
  Blork the orc (Orc:3)
  6 big kobolds
  24 giant frogs
  Dowan (D:5)
  A wyvern zombie (D:14)
  A wyvern skeleton (D:14)
  2 scorpions
  A wight (D:13)
  15 killer bees
  4 crimson imps
  11 hounds
  6 electric eels
  3 giant frog zombies
  23 orc priests
  8 centaur skeletons
  3 jellies
  7 centaur zombies
  43 orc wizards
  3 giant frog skeletons
  Jessica (D:3)
  47 worker ants
  9 iguanas
  An iron imp (Orc:3)
  A killer bee zombie (D:9)
  34 sheep
  A hound skeleton (D:8)
  2 worker ant zombies
  13 gnolls
  51 river rats
  11 adders
  4 shadow imps
  A white imp (Orc:3)
  An ooze (D:2)
  2 adder skeletons
  An adder zombie (D:9)
  A worm (D:2)
  A giant gecko (D:6)
  213 orcs
  2 ball pythons
  9 giant cockroaches
  14 hobgoblins
  3 quokkas
  3 bats
  7 giant newts
  8 goblins
  19 jackals
  A jackal zombie (D:8)
  36 kobolds
  A quokka skeleton (D:7)
  A quokka zombie (D:5)
  11 rats
  A bush (Lair:5)
  2 fungi
  A plant (Lair:5)
1723 creatures vanquished.

Vanquished Creatures (others)
  A blink frog (Swamp:4)
  A slave (D:8)
  An orc wizard (Orc:3)
  3 sheep
  3 bushes (D:8)
  16 fungi
  33 plants
58 creatures vanquished.

Grand Total: 1781 creatures vanquished

Notes
Turn   | Place    | Note
--------------------------------------------------------------
     0 | D:1      | Goblin1989 the Minotaur Wanderer began the quest for the Orb.
     0 | D:1      | Goblin1989 set off with: a potion of berserk rage, a potion of heal wounds, a +0 spear, a potion of lignification, a +0 robe, a bread ration
     0 | D:1      | Reached XP level 1. HP: 24/24 MP: 0/0
   346 | D:1      | Reached XP level 2. HP: 30/30 MP: 1/1
  1153 | D:2      | Reached XP level 3. HP: 28/37 MP: 2/2
  1200 | D:2      | Noticed Sigmund
  1207 | D:2      | Killed Sigmund
  1207 | D:2      | Reached XP level 4. HP: 44/44 MP: 3/3
  1207 | D:2      | Reached XP level 5. HP: 50/50 MP: 4/4
  1457 | D:2      | Reached skill level 1 in Armour
  1732 | D:2      | Reached XP level 6. HP: 57/57 MP: 5/5
  2105 | D:3      | Found a faded altar to an unknown god.
  2106 | D:3      | Noticed Jessica
  2125 | D:3      | Killed Jessica
  2167 | D:3      | Reached skill level 7 in Polearms
  2590 | D:4      | Reached XP level 7. HP: 54/64 MP: 6/6
  2671 | D:4      | Found a snail-covered altar of Cheibriados.
  2741 | D:4      | Got a shimmering tin ring
  2742 | D:4      | Identified the ring "Axifitiv" {rPois rF- MP+9 SInv Stlth+} (You found it on level 4 of the Dungeon)
  2793 | D:4      | Reached skill level 8 in Polearms
  3197 | D:5      | Entered Level 5 of the Dungeon
  3294 | D:5      | Found a staircase to the Ecumenical Temple.
  3314 | Temple   | Entered the Ecumenical Temple
  3322 | Temple   | Became a worshipper of Gozag Ym Sagoz the Greedy
  3338 | D:5      | Noticed Duvessa
  3338 | D:5      | Noticed Dowan
  3349 | D:5      | Killed Duvessa
  3354 | D:5      | Killed Dowan
  3451 | D:5      | Found Jyteossu's Serpentskin Sales.
  3461 | D:5      | Reached skill level 9 in Polearms
  3461 | D:5      | Reached XP level 8. HP: 53/74 MP: 7/7
  3805 | D:5      | Reached skill level 5 in Armour
  4033 | D:5      | Found a bloodstained altar of Trog.
  4354 | D:5      | Found a deep blue altar of Sif Muna.
  4354 | D:5      | Found a blossoming altar of Fedhas.
  4354 | D:5      | Found an ancient bone altar of Kikubaaqudgha.
  4354 | D:5      | Found a sparkling altar of Nemelex Xobeh.
  4362 | D:5      | Found a white marble altar of Elyvilon.
  4362 | D:5      | Found a shadowy altar of Dithmenos.
  4518 | D:6      | Found an ancient bone altar of Kikubaaqudgha.
  4532 | D:6      | Reached skill level 10 in Polearms
  4674 | D:6      | Noticed Prince Ribbit
  4717 | D:6      | Killed Prince Ribbit
  4717 | D:6      | Reached XP level 9. HP: 21/82 MP: 8/8
  5263 | D:7      | Reached skill level 11 in Polearms
  5293 | D:7      | Noticed an ice statue
  5889 | D:7      | Noticed a gargoyle
  5891 | D:7      | jacquesderrida: Dang
  5891 | D:7      | jacquesderrida: Gargel
  5891 | D:7      | Goblin1989: sap
  5894 | D:7      | jacquesderrida: hai...
  5907 | D:7      | Killed a gargoyle
  6285 | D:7      | Reached skill level 12 in Polearms
  6473 | D:8      | Reached skill level 10 in Fighting
  6483 | D:8      | Reached XP level 10. HP: 80/93 MP: 9/9
  6524 | D:8      | Reached skill level 1 in Dodging
  6783 | D:8      | Reached skill level 13 in Polearms
  7526 | D:8      | Found a staircase to the Lair.
  7549 | D:8      | Found an ancient bone altar of Kikubaaqudgha.
  7568 | D:8      | Found an opulent altar of Gozag.
  7895 | D:8      | Noticed Pikel
  7927 | D:8      | Killed Pikel
  7997 | D:8      | Reached XP level 11. HP: 98/102 MP: 10/10
  8785 | D:9      | Reached skill level 14 in Polearms
  8802 | D:9      | You fall through a shaft for 3 floors!
  8832 | D:10     | Entered Level 10 of the Dungeon
  8946 | D:10     | Bought a translucent scale mail for 252 gold pieces
  8946 | D:10     | Bought a pair of glowing boots for 126 gold pieces
  8946 | D:10     | Bought a pair of blackened gloves for 266 gold pieces
  8956 | D:10     | Identified the cursed +0 scale mail of Okawaru's Castigation {*Drain rCorr MP+9 Str+4} (You bought it in a shop on level 10 of the Dungeon)
  8961 | D:10     | Identified the +1 pair of gloves of Paranoia {rF++ Str+7 Stlth-} (You bought it in a shop on level 10 of the Dungeon)
  8971 | D:10     | Identified a +0 pair of boots of running (You bought it in a shop on level 10 of the Dungeon)
  9008 | D:10     | Found a flagged portal.
  9017 | Bailey   | Entered a bailey
  9265 | Bailey   | Reached skill level 5 in Dodging
  9375 | Bailey   | jacquesderrida: MACHI
  9386 | Bailey   | jacquesderrida: A uzhe vse izobrazhenie otstavalo ;^)
  9388 | Bailey   | jacquesderrida: tuka ne popast
  9407 | D:10     | Found Nyclois's Assorted Antiques.
  9415 | D:10     | Bought a small peridot ring for 155 gold pieces
  9415 | D:10     | Bought an iron ring for 155 gold pieces
  9417 | D:10     | jacquesderrida: okawairement za 31
  9631 | D:10     | Reached skill level 1 in Crossbows
  9634 | D:10     | Gained mutation: You are partially covered in rugged brown scales (AC +1, +3% HP). [potion of beneficial mutation]
  9654 | D:10     | Reached skill level 10 in Armour
 10156 | D:11     | Noticed an unseen horror
 10161 | D:11     | Killed an unseen horror
 10350 | D:11     | Found a roughly hewn altar of Beogh.
 10350 | D:11     | Found a staircase to the Orcish Mines.
 11072 | Orc:1    | Entered Level 1 of the Orcish Mines
 11158 | Orc:1    | Found Oteneext's Distillery.
 11233 | Orc:1    | Bought a potion of agility for 56 gold pieces
 11233 | Orc:1    | Bought a potion of ambrosia for 112 gold pieces
 11233 | Orc:1    | Bought a potion of agility for 56 gold pieces
 11526 | Orc:2    | Reached skill level 5 in Crossbows
 11541 | Orc:2    | Noticed Snorg
 11552 | Orc:2    | Killed Snorg
 11552 | Orc:2    | Reached XP level 12. HP: 96/115 MP: 11/11
 11862 | Orc:2    | Found Ifful's General Store.
 11911 | Orc:2    | Bought a wand of heal wounds (5) for 594 gold pieces
 11911 | Orc:2    | Bought a royal jelly for 22 gold pieces
 11911 | Orc:2    | Bought a bread ration for 55 gold pieces
 11911 | Orc:2    | Bought a bread ration for 55 gold pieces
 11911 | Orc:2    | Bought 20 bolts for 44 gold pieces
 12586 | Orc:3    | Found a roughly hewn altar of Beogh.
 12718 | Orc:3    | Noticed Blork the orc
 12739 | Orc:3    | Killed Blork the orc
 13087 | Orc:4    | Entered Level 4 of the Orcish Mines
 13197 | Orc:4    | Found a staircase to the Elven Halls.
 13916 | Orc:4    | Noticed an orc warlord
 14206 | Orc:4    | Found a roughly hewn altar of Beogh.
 14699 | Orc:4    | Killed an orc warlord
 15015 | Orc:4    | Found Dodoply's General Store.
 15430 | Orc:4    | Bought a potion of heal wounds for 85 gold pieces
 15430 | Orc:4    | Bought a +1 halberd of venom for 200 gold pieces
 15441 | Orc:4    | Found Jauth's Antique Armour Shop.
 15448 | Orc:4    | Bought a pair of slimy boots for 237 gold pieces
 15448 | Orc:4    | Bought an embroidered cloak for 112 gold pieces
 15448 | Orc:4    | Bought a spiked chain mail for 237 gold pieces
 15468 | Orc:4    | Identified the +0 pair of boots of the Eight Planets {rPois MR+ Str+2} (You bought it in a shop on level 4 of the Orcish Mines)
 15890 | Orc:4    | Found a roughly hewn altar of Beogh.
 15922 | Orc:4    | Found Rale's Antique Weapon Shop.
 15937 | Orc:4    | Found Plog's Jewellery Shop.
 16363 | D:8      | Identified the +3 chain mail "Jaegh" {rF+ rC+ Str-4 Dex+3} (You bought it in a shop on level 4 of the Orcish Mines)
 16373 | Lair:1   | Entered Level 1 of the Lair of Beasts
 16373 | Lair:1   | Noticed Goblin1989's ghost (journeyman DsMo)
 16384 | Lair:1   | Killed Goblin1989's ghost
 16528 | Lair:1   | Reached XP level 13. HP: 117/125 MP: 12/12
 17054 | Lair:2   | Reached skill level 15 in Polearms
 17270 | Lair:2   | Got a pitted ring mail
 17291 | Lair:2   | Identified the +1 ring mail of Lararyr {*Confuse Dex+3 Slay+6} (You found it on level 2 of the Lair of Beasts)
 19077 | Lair:4   | Reached skill level 16 in Polearms
 19508 | Lair:4   | Reached skill level 10 in Dodging
 19794 | Lair:4   | Reached XP level 14. HP: 117/135 MP: 13/13
 21265 | Lair:5   | Noticed Nessos
 21284 | Lair:5   | Killed Nessos
 21851 | Lair:5   | Found a staircase to the Swamp.
 21945 | Lair:5   | Found a hole to the Spider Nest.
 22464 | Lair:6   | Reached skill level 10 in Crossbows
 22467 | Lair:6   | Found a runed door.
 22467 | Lair:6   | Found a viscous altar of Jiyva.
 22468 | Lair:6   | Noticed an azure jelly
 22470 | Lair:6   | Noticed an azure jelly
 22762 | Lair:6   | Identified a scroll of acquirement
 23246 | Lair:6   | Noticed an azure jelly
 23247 | Lair:6   | Found a staircase to the Slime Pits.
 23648 | Lair:7   | Reached skill level 15 in Fighting
 23888 | Lair:8   | Entered Level 8 of the Lair of Beasts
 24387 | Lair:8   | Reached XP level 15. HP: 111/145 MP: 14/14
 25350 | Lair:8   | Found a burning altar of Makhleb.
 25433 | Lair:8   | Found a gateway to Hell.
 26316 | D:9      | Found Seuv's Food Emporium.
 26320 | D:9      | Bought a bread ration for 60 gold pieces
 26320 | D:9      | Bought a meat ration for 60 gold pieces
 26320 | D:9      | Bought a meat ration for 60 gold pieces
 26320 | D:9      | Bought a slice of pizza for 18 gold pieces
 26320 | D:9      | Bought 3 fruits for 54 gold pieces
 26320 | D:9      | Bought a meat ration for 60 gold pieces
 26320 | D:9      | Bought a royal jelly for 24 gold pieces
 26320 | D:9      | Bought a bread ration for 60 gold pieces
 26320 | D:9      | Bought a bread ration for 60 gold pieces
 26320 | D:9      | Bought a fruit for 18 gold pieces
 26320 | D:9      | Bought a meat ration for 60 gold pieces
 26327 | D:9      | Learned a level 6 spell: Haste
 26436 | D:12     | Noticed a six-headed hydra
 26441 | D:12     | Killed a six-headed hydra
 26562 | D:12     | Noticed a hill giant
 26569 | D:12     | Killed a hill giant
 27104 | D:12     | Noticed Ladykiller69's ghost (novice FoFi)
 27112 | D:12     | Killed Ladykiller69's ghost
 27618 | D:13     | Reached skill level 15 in Armour
 27655 | D:13     | Learned a level 1 spell: Apportation
 27659 | D:13     | Learned a level 3 spell: Portal Projectile
 28164 | D:13     | Found Epue's Antique Weapon Emporium.
 28718 | D:14     | Found a gate to the Vaults.
 29386 | D:15     | Entered Level 15 of the Dungeon
 29386 | D:15     | Noticed Ladykiller69's ghost (novice FoFi)
 29392 | D:15     | Killed Ladykiller69's ghost
 29392 | D:15     | Reached XP level 16. HP: 155/155 MP: 15/15
 29619 | D:15     | Found a shattered altar of Ashenzari.
 29627 | D:15     | Got a warped marble ring
 29629 | D:15     | Identified the ring of Paf Rim {*Contam rC+++ Int+4 Dex-5 Stlth+} (You found it on level 15 of the Dungeon)
 29759 | D:15     | Found a staircase to the Depths.
 30752 | Spider:1 | Entered Level 1 of the Spider Nest
 32177 | D:10     | Bought a heavily runed plate armour for 784 gold pieces
 32187 | D:10     | Identified the +1 plate armour "Xogidgh" {Int+3} (You bought it in a shop on level 10 of the Dungeon)
 32193 | D:10     | Bought a twisted plate armour for 784 gold pieces
 32198 | D:10     | Identified the +1 plate armour of Wonder {rN+ Int+4} (You bought it in a shop on level 10 of the Dungeon)
 32208 | D:10     | Bought an encrusted halberd for 342 gold pieces
 32208 | D:10     | Bought an ancient arbalest for 361 gold pieces
 32208 | D:10     | Identified the +10 arbalest "Sagis" {elec, Stlth+} (You bought it in a shop on level 10 of the Dungeon)
 32210 | D:10     | Identified the +2 halberd "Kaiparph" {holy, rElec SInv} (You bought it in a shop on level 10 of the Dungeon)
 32627 | Spider:1 | Got a pair of faintly glowing boots
 32638 | Spider:1 | Identified the +0 pair of boots of Circular Logic {rF+ Str+2} (You found it on level 1 of the Spider Nest)
 33716 | Spider:2 | Learned a level 5 spell: Phase Shift
 34223 | Spider:3 | Reached skill level 17 in Fighting
 34502 | Spider:3 | Reached skill level 15 in Crossbows
 34503 | Spider:3 | Got a crude dagger
 34504 | Spider:3 | Identified the +12 dagger of Zodotoaf {flame, +Blink} (You found it on level 3 of the Spider Nest)
 34987 | Spider:3 | Got a warped halberd
 34988 | Spider:3 | Identified the +5 halberd of the Puffball {venom, rPois MR- Dex+4 SInv} (You found it on level 3 of the Spider Nest)
 35795 | Spider:4 | Entered Level 4 of the Spider Nest
 35825 | Spider:4 | Reached XP level 17. HP: 143/165 MP: 16/16
 37312 | Spider:4 | Reached skill level 18 in Armour
 37747 | Spider:4 | Got a gossamer rune of Zot
 38151 | Swamp:1  | Entered Level 1 of the Swamp
 38251 | Swamp:1  | Noticed Frances
 38265 | Swamp:1  | Killed Frances
 39475 | Swamp:2  | Noticed Louise
 39493 | Swamp:2  | Killed Louise
 39509 | Swamp:2  | Reached skill level 19 in Armour
 39896 | Swamp:3  | Noticed Charly's ghost (journeyman MiBe)
 40337 | Swamp:3  | Killed Charly's ghost
 40780 | Swamp:3  | Reached XP level 18. HP: 174/177 MP: 17/17
 41389 | Swamp:4  | Entered Level 4 of the Swamp
 41703 | Swamp:4  | Noticed the 27-headed Lernaean hydra
 42482 | Vaults:1 | Entered Level 1 of the Vaults
 43253 | Vaults:1 | Reached skill level 15 in Dodging
 43783 | Vaults:1 | Reached skill level 20 in Armour
 43880 | Vaults:1 | Noticed Jorgrun
 43891 | Vaults:1 | Killed Jorgrun
 46777 | Vaults:2 | Reached XP level 19. HP: 186/186 MP: 18/18
 48582 | Vaults:2 | Found a staircase to the Crypt.
 48701 | Vaults:2 | Annihilated by an enormous slime creature

Action                   |  1- 3 |  4- 6 |  7- 9 | 10-12 | 13-15 | 16-18 | 19-21 || total
-------------------------+-------+-------+-------+-------+-------+-------+-------++-------
Melee: Spear             |    80 |   209 |    17 |       |       |       |       ||   306
       Trident           |       |       |   431 |  1339 |       |       |       ||  1770
       Halberd           |       |       |       |    73 |  1671 |  2377 |     7 ||  4128
       Bardiche          |       |       |       |       |       |       |   272 ||   272
 Fire: Arbalest          |       |       |       |       |    49 |    56 |    11 ||   116
Invok: Call Merchant     |       |       |       |     1 |       |     7 |       ||     8
Evoke: Wand              |       |       |       |     4 |     4 |       |       ||     8
  Use: Potion            |     1 |     3 |       |     8 |     4 |     9 |       ||    25
       Scroll            |       |       |       |    18 |    15 |    12 |     1 ||    46
 Stab: Sleeping          |     3 |       |       |       |       |       |       ||     3
       Distracted        |       |       |     4 |     7 |    32 |    12 |     5 ||    60
       Petrifying        |       |       |       |       |     3 |       |       ||     3
       Petrified         |       |       |       |       |     1 |       |       ||     1
       Confused          |       |       |       |       |       |     2 |       ||     2
  Eat: Chunk             |     1 |     6 |     1 |       |       |       |       ||     8
       Pizza             |       |       |     1 |       |     1 |     3 |       ||     5
       Fruit             |       |       |     7 |     3 |    32 |       |       ||    42
       Beef jerky        |       |       |     2 |     1 |     2 |     3 |       ||     8
       Bread ration      |       |       |     1 |     4 |       |       |       ||     5
       Meat ration       |       |       |       |     1 |     2 |     9 |     1 ||    13
       Royal jelly       |       |       |       |     1 |     2 |     3 |       ||     6
